 Dungeon Crawl Stone Soup version 0.31-a0-881-ge136f0c47a (webtiles) character file.

Game seed: 547544547213474991

49 Ge0ff the Sneak (level 3, -3/24 HPs)
             Began as an Octopode Brigand on Oct 15, 2023.
             Slain by a gnoll
             ... wielding a +0 halberd
              (15 damage)
             ... on level 2 of the Dungeon.
             The game lasted 00:01:37 (826 turns).

Ge0ff the Sneak (Octopode Brigand)                   Turns: 826, Time: 00:01:38

Health: -3/24      AC:  1    Str: 10    XL:     3   Next: 77%
Magic:  3/3        EV: 12    Int: 13    God:
Gold:   89         SH:  0    Dex: 15    Spells: 2/2 levels left

rFire   . . .        a - +2 dagger
rCold   . . .        (no shield)
rNeg    . . .        (helmet restricted)
rPois   .            (no amulet)
rElec   .            y - ring of flight
rCorr   .            (no ring)
SInv    .            (no ring)
Will    .....        (no ring)
Stlth   ++++         (no ring)
HPRegen 0.24/turn    (no ring)
MPRegen 0.08/turn    (no ring)
                     (no ring)

%: no passive effects
@: flying
A: almost no armour, amphibious, 8 rings, camouflage 1, gelatinous body 1,
(nimble swimmer 1), tentacles
a: no special abilities


You were on level 2 of the Dungeon.
You visited 1 branch of the dungeon, and saw 2 of its levels.

You collected 89 gold pieces.

Inventory:

Hand Weapons
 a - a +2 dagger (weapon)
Missiles
 b - 6 poisoned darts (quivered)
 v - 3 curare-tipped darts {=F}
 z - 15 stones
Jewellery
 y - a ring of flight (left tentacle)
Scrolls
 w - a scroll of teleportation {unknown}
 x - a scroll of silence {unknown}
 A - 2 scrolls of identify {unknown}
 B - a scroll of immolation {unknown}
 D - a scroll of blinking {unknown}
 E - 2 scrolls of enchant armour {unknown}
 F - a scroll of amnesia {unknown}
 G - a scroll of poison {unknown}
Potions
 C - a potion of mutation {unknown}
 H - a potion of might {unknown}


   Skills:
 - Level 2.0 Fighting
 + Level 4.0 Short Blades
 - Level 2.0 Throwing
 - Level 1.0 Dodging
 - Level 5.3 Stealth


You had 2 spell levels left.
You didn't know any spells.
Your spell library was empty.

Dungeon Overview and Level Annotations

Branches:
Dungeon (2/15) Zot: 11183

Altars:

Shops:
D:1 [


Innate Abilities, Weirdness & Mutations

You cannot wear most types of armour.
You are amphibious.
You can wear up to eight rings at the same time.
Your skin changes colour to match your surroundings (Stealth+).
Your rubbery body absorbs attacks. (AC +1, EV +1)
((You are camouflaged when in or above water. (Stealth+)))
You have tentacles for arms and can constrict up to eight enemies at once.


Message History

You impale the hobgoblin!!
You kill the hobgoblin!
The helpless endoplasm fails to defend itself.
You impale the endoplasm!!
You kill the endoplasm!
You see here a +0 scale mail.
H - a glowing blue potion
E - 2 scrolls labelled ORYT SIMELIO (gained 1)
Found a dagger.
Found a stone staircase leading up.
You now have 89 gold pieces (gained 9).
A gnoll comes into view. It is wielding a +0 whip.
A gnoll comes into view. It is wielding a +0 halberd.
You throw a poisoned dart.
The poisoned dart barely misses the gnoll.
You throw a poisoned dart.
The poisoned dart barely misses the gnoll.
You throw a poisoned dart. The poisoned dart hits the gnoll.
You throw a poisoned dart.
The poisoned dart barely misses the gnoll.
You throw a poisoned dart. The poisoned dart hits the gnoll.
The gnoll is poisoned.
The gnoll completely misses you.
You hit the gnoll. You grab the gnoll.
The gnoll is heavily wounded.
You constrict the gnoll, but do no damage.
You hit the gnoll. You squeeze the gnoll.
You kill the gnoll!
Your Short Blades skill increases to level 4!
b - 7 poisoned darts (gained 1)
Things that are here:
a +0 whip; a gnoll corpse
b - 8 poisoned darts (gained 1)
You throw a poisoned dart. The poisoned dart hits the gnoll.
The gnoll is poisoned.
The gnoll shouts!
A gnoll comes into view. It is wielding a +0 club.
Things that are here:
a +0 whip; a gnoll corpse You throw a poisoned dart.
The poisoned dart hits the gnoll.
The gnoll is moderately wounded.
The gnoll looks more healthy.
The gnoll hits you with a +0 halberd!
Ouch! That really hurt!
Things that are here:
a +0 whip; a gnoll corpse You closely miss the gnoll.
You grab the gnoll.
The gnoll is heavily wounded.
You constrict the gnoll. The gnoll hits you with a +0 halberd!
Ouch! That really hurt!
You die...

#.........##...
#.........##...
#.........#####
#######.........#####
#...............##...
#...............##...
#........####...##...
.########........#
#...##...
......(....g@....#
#...##...
g.....(..........#
#........
..........########
#........ .(........#
##....#.. ..........#
#....#.. (..........
#....#.. ......##....
######.. ......
#....# .# +#


You could see a gnoll.

Vanquished Creatures
  A gnoll (D:2)
  9 endoplasms
  5 goblins (D:1)
  5 hobgoblins
  2 quokkas (D:1)
  5 ball pythons (D:1)
  2 bats (D:1)
  A frilled lizard (D:1)
  3 rats (D:1)
33 creatures vanquished.

Notes
Turn   | Place    | Note
-------+----------+-------------------------------------------
     0 | D:1      | Ge0ff the Octopode Brigand began the quest for the Orb.
     0 | D:1      | Reached XP level 1. HP: 14/14 MP: 1/1
   174 | D:1      | Reached XP level 2. HP: 19/19 MP: 2/2
   240 | D:1      | Found Feiles's Armour Emporium.
   396 | D:1      | Reached XP level 3. HP: 24/24 MP: 3/3
   826 | D:2      | Slain by a gnoll

Illustrated notes

Levels and vault maps discovered:
D:1:      matt_arrival_refuge, layout_rooms, serial_shops, shop,
          minmay_small_reverse_x
D:2:      layout_basic, uniq_terence

Skill      XL: |  1  2  3 |
---------------+----------+-----
Short Blades   | 3 4 |  4.0
Fighting       | |  2.0
Throwing       | |  2.0
Dodging        | |  1.0
Stealth        | |  5.3

Action                     || total
---------------------------++-------
  Melee: Dagger            ||    56
         Constrict         ||    13
         Tentacles         ||     9
  Throw: Dart              ||     8
   Stab: Sleeping          ||    13
 Armour: Skin              ||    16
  Dodge: Dodged            ||    15

Table legend: (Time is in decaauts)
 A = Elapsed time spent in this place.
 B = Non-inter-level travel time spent in this place.
 C = Inter-level travel time spent in this place.
 D = Time resting spent in this place.
 E = Time spent auto-exploring this place.
 F = Levels seen in this place.
 G = Mean time per level.
                   A        B        C        D        E       F      G
               +--------+--------+--------+--------+--------+-----+--------+
         Total |    816 |    811 |      5 |    101 |    474 |   2 |  408.0 |
       Dungeon |    816 |    811 |      5 |    101 |    474 |   2 |  408.0 |
               +--------+--------+--------+--------+--------+-----+--------+

Top non-repeatable levels by time:
     D:1: 704 daAuts
     D:2: 111 daAuts
